 Dungeon Crawl Stone Soup version 0.25-a0-419-g7650d0de75 (webtiles) character file.

Game seed: 5960781127309489944, levelgen mode: deterministic

25 kae the Conjurer (level 2, -2/20 HPs)
             Began as a Draconian Conjurer on Jan 17, 2020.
             Slain by Jessica
             ... wielding a +0 dagger
              (3 damage)
             ... on level 1 of the Dungeon.
             The game lasted 00:01:00 (1338 turns).

kae the Conjurer (Draconian Conjurer)               Turns: 1338, Time: 00:01:01

Health: -2/20      AC:  4    Str: 10    XL:     2   Next: 86%
Magic:  0/5        EV: 12    Int: 15    God:
Gold:   71         SH:  0    Dex: 11    Spells: 2/5 levels left

rFire    . . .     SeeInvis .   (no weapon)
rCold    . . .     Gourm    .   (no shield)
rNeg     . . .     Faith    .   (armour unavailable)
rPois    .         Spirit   .   (helmet restricted)
rElec    .         Reflect  .   (no cloak)
rCorr    .         Harm     .   (no gloves)
MR       .....                  (no boots)
Stlth    ++........             (no amulet)
HPRegen  0.06/turn              (no ring)
MPRegen  0.09/turn              (no ring)

@: no status effects
A: unfitting armour, cold-blooded, AC +4
a: no special abilities


You were on level 1 of the Dungeon.
You were not hungry.

You visited 1 branch of the dungeon, and saw 2 of its levels.

You collected 71 gold pieces.

Inventory:

Jewellery
 d - a +4 ring of evasion {unknown}
 g - an uncursed ring of protection from fire {unknown}
 j - a cursed ring of teleportation {unknown}
 k - an uncursed ring of positive energy {unknown}
Scrolls
 c - a scroll of amnesia {unknown}
 e - a scroll of random uselessness {unknown}
 h - a scroll of enchant weapon {unknown}
Potions
 a - 2 potions of curing
 f - a potion of ambrosia {unknown}
 i - a potion of mutation {unknown}
 l - a potion of resistance {unknown}
 m - a potion of haste {unknown}
Comestibles
 b - 2 rations


   Skills:
 - Level 1.7 Dodging
 - Level 1.7 Stealth
 + Level 2.4 Spellcasting
 * Level 4.6 Conjurations


You had 2 spell levels left.
You knew the following spells:

 Your Spells              Type           Power        Failure   Level  Hunger
a - Magic Dart            Conj           ###.         3%          1    #......
b - Searing Ray           Conj           ###...       4%          2    ###....

Your spell library contained the following spells:

 Spells                   Type           Power        Failure   Level  Hunger
 Dazzling Flash           Conj/Hex       #.....       24%         3    ###....
 Fulminant Prism          Conj/Hex       #.........   63%         4    #####..
 Iskenderun's Mystic Bla  Conj/Tloc      #.......     63%         4    #####..


Dungeon Overview and Level Annotations

Branches:
Dungeon (2/15)

Altars:
Cheibriados

Annotations:
D:1 Jessica


Innate Abilities, Weirdness & Mutations

Your plain brown scales are hard. (AC +4)
You cannot fit into any form of body armour.
You are cold-blooded and may be slowed by cold attacks.


Message History

Aim: Jessica, wielding a +0 dagger and wearing a +0 robe (moderately wounded, fast)
The magic dart hits Jessica.
Jessica is severely wounded.
Casting: Magic Dart (safe; 3% risk of failure)
Confirm with . or Enter, or press ? or * to list all spells.
You don't have enough magic to cast that spell.
Casting: Magic Dart (safe; 3% risk of failure)
Confirm with . or Enter, or press ? or * to list all spells.
You don't have enough magic to cast that spell.
You barely miss Jessica.
Your tail-slap misses Jessica.
Jessica is severely wounded.
Jessica points at you and mumbles some strange words.
Pain shoots through your body!
Ouch! That really hurt!
* * * LOW HITPOINT WARNING * * *
Jessica closely misses you.
You hit Jessica.
Jessica is severely wounded.
Jessica hits you with a +0 dagger.
You die...

#.#.########......##
#.#........#.......#
#.########.#.......#### ######
#.#........#......>...#####.....
#.#.########......###....##.....
#................## ####........
##########....#.## ####.........
######@# #....#######. #@#
##.#### #. #†# #..# #######.
###.###.#####.......
#..................#
#..................#
#.......#####....... #####...#
##......# ######...# #.......#
#....>..#####........


You could see Jessica.

Vanquished Creatures
  3 dart slugs
  A leopard gecko (D:1)
  A giant cockroach (D:1)
  A goblin (D:1)
  2 hobgoblins (D:1)
  2 jackals (D:1)
  A kobold (D:1)
  4 bats (D:1)
  3 rats (D:1)
18 creatures vanquished.

Notes
Turn   | Place    | Note
-------+----------+-------------------------------------------
     0 | D:1      | kae the Draconian Conjurer began the quest for the Orb.
     0 | D:1      | Reached XP level 1. HP: 14/14 MP: 3/3
   231 | D:1      | Reached XP level 2. HP: 14/20 MP: 0/5
  1155 | D:1      | Found a snail-covered altar of Cheibriados.
  1271 | D:1      | Learned a level 2 spell: Searing Ray
  1300 | D:2      | Noticed Jessica
  1337 | D:1      | HP: 1/20 [Jessica/nerve-wracking pain (12)]
  1338 | D:1      | Slain by Jessica

Levels and vault maps discovered:
D:1:      dpeg_arrival_rooms_with_view, layout_rooms, minmay_misc_feat_room,
          chequers_serial_rivers_small_b, minivault_4, kennysheep_another_room,
          minivault_27, kennysheep_flooded_box
D:2:      layout_loops_ring, uniq_jessica, uniq_sigmund

Action                   || total
-------------------------++-------
Melee: Unarmed           ||    43
       Tailslap          ||     3
 Cast: Magic Dart        ||    30
  Use: Potion            ||     1
  Eat: Ration            ||     1
Armor: Skin              ||    22
Dodge: Dodged            ||    43

Table legend:
 A = Non-vault XP
 B = Vault XP
 C = Vault XP percentage of total XP
 D = Non-vault monster count
 E = Vault monster count
 F = Vault count percentage of total count
                 A         B        C        D         E       F
            +---------+---------+-------+---------+---------+-------
      Total |      31 |       6 |  16.2 |      16 |       2 |  11.1
            +---------+---------+-------+---------+---------+-------
        D:1 |      27 |       6 |  18.2 |      15 |       2 |  11.8
        D:2 |       4 |       0 |   0.0 |       1 |       0 |   0.0
            +---------+---------+-------+---------+---------+-------
